EL
PORTLAND SEA DOGS @ BOWIE BAYSOX
08/24/2099
 
TOP OF THE 1ST
Portland Sea Dogs batting - Pitching for Bowie Baysox : RHP Wilson Condori
Pitching: RHP Wilson Condori
Batting: RHB Nate Anglin 0-0: Ball
1-0: Called Strike
1-1: Ball
2-1: Foul Ball, location: 2F
2-2: Foul Ball, location: 2F
2-2: SINGLE (Line Drive, 6D, EV 107.5 MPH)
Batting: LHB Tony Vargas 0-0: Ball
1-0: Ball
2-0: Ball
3-0: Called Strike
3-1: Base on Balls
Nate Anglin to second
Batting: LHB Dan McCartney 0-0: Ball
1-0: Ball
2-0: SINGLE (Line Drive, 89S, EV 103.8 MPH)
Nate Anglin to third
Tony Vargas to second
Batting: RHB Steve Abrahamson 0-0: Called Strike
0-1: Ball
1-1: Foul Ball, location: 2RF
1-2: Ball
2-2: Foul Ball, location: 2F
2-2: Ball
3-2: Foul Ball, location: 7LMF
3-2: Grounds into fielders choice U2 (Groundball, 2L, EV 75.6 MPH)
Tony Vargas to third
Dan McCartney to second
Batting: RHB Chris Barley 0-0: Fly out, F9 (Flyball, 9D, EV 94.4 MPH)
Runner from 3rd tags up, SCORES, throw by RF
Dan McCartney to third
Pitching: RHP Jonathan Fullen
Batting: SHB Jeremy Brutscher 0-0: Ball
1-0: Fly out, F8 (Flyball, 8LS, EV 91.3 MPH)
Top of the 1st over - 1 run, 2 hits, 0 errors, 2 left on base; Portland 1 - Bowie 0
BOTTOM OF THE 1ST
Bowie Baysox batting - Pitching for Portland Sea Dogs : RHP Mike Chiasson
Pitching: RHP Mike Chiasson
Batting: RHB Ryan Anderson 0-0: Ball
1-0: Foul Ball, location: 9LMF
1-1: Ball
2-1: Fly out, F3 (Popup, 34S, EV 85.6 MPH)
Batting: RHB Josh Apple 0-0: Called Strike
0-1: Ball
1-1: Ball
2-1: Ground out 5-3 (Groundball, 56, EV 108.8 MPH)
Batting: LHB Jesus Garcia 0-0: Called Strike
0-1: Foul Ball, location: 7LSF
0-2: Foul Ball, location: 7LMF
0-2: Ball
1-2: Foul Ball, location: 2F
1-2: Ball
2-2: Ground out 4-3 (Groundball, 4, EV 103.8 MPH)
Bottom of the 1st over - 0 runs, 0 hits, 0 errors, 0 left on base; Portland 1 - Bowie 0
TOP OF THE 2ND
Portland Sea Dogs batting - Pitching for Bowie Baysox : RHP Jonathan Fullen
Batting: RHB Eddie Pizana 0-0: Ball
1-0: Foul Ball, location: 2F
1-1: Foul Ball, location: 2F
1-2: SINGLE (Line Drive, 78S, EV 96.3 MPH)
Batting: RHB Matt Palmer 0-0: Fielders Choice at 2nd, 4-6 (Groundball, 34, EV 98.8 MPH)
Batting: RHB Victor Cisneros 0-0: Called Strike
0-1: Called Strike
0-2: Fly out, F8 (Flyball, 8LM, EV 93.1 MPH)
Batting: RHB Nate Anglin 0-0: Swinging Strike
0-1: Foul Ball, location: 9LMF
0-2: Foul Ball, location: 3F
0-2: SINGLE (Line Drive, 7S, EV 90.0 MPH)
Matt Palmer to second
Batting: LHB Tony Vargas 0-0: 3-RUN HOME RUN (Flyball, 9D, EV 95.6 MPH), Distance : 385 ft
Batting: LHB Dan McCartney 0-0: Ground out 2-3 (Groundball, 2R, EV 69.4 MPH)
Top of the 2nd over - 3 runs, 3 hits, 0 errors, 0 left on base; Portland 4 - Bowie 0
BOTTOM OF THE 2ND
Bowie Baysox batting - Pitching for Portland Sea Dogs : RHP Mike Chiasson
Batting: LHB Jayden Johnson 0-0: Foul Ball, location: 25F
0-1: Swinging Strike
0-2: Ball
1-2: Ground out 6-3 (Groundball, 6, EV 101.9 MPH)
Batting: LHB Alex Gil 0-0: Ball
1-0: Ball
2-0: Foul Ball, location: 2F
2-1: Ground out 4-3 (Groundball, 4, EV 84.4 MPH)
Batting: RHB Gene Wilcox 0-0: Ball
1-0: Called Strike
1-1: Ground out 3-1 (Groundball, 34S, EV 81.3 MPH)
Bottom of the 2nd over - 0 runs, 0 hits, 0 errors, 0 left on base; Portland 4 - Bowie 0
TOP OF THE 3RD
Portland Sea Dogs batting - Pitching for Bowie Baysox : RHP Jonathan Fullen
Batting: RHB Steve Abrahamson 0-0: SINGLE (Groundball, 56D, EV 93.8 MPH)
Batting: RHB Chris Barley 0-0: Ball
1-0: SINGLE (Line Drive, 7S, EV 90.6 MPH)
Steve Abrahamson to second
Batting: SHB Jeremy Brutscher 0-0: Called Strike
0-1: Fly out, F7 (Flyball, 78S, EV 86.3 MPH)
Batting: RHB Eddie Pizana 0-0: Grounds into double play, 4-6-3 (Groundball, 4, EV 108.1 MPH)
Top of the 3rd over - 0 runs, 2 hits, 0 errors, 1 left on base; Portland 4 - Bowie 0
BOTTOM OF THE 3RD
Bowie Baysox batting - Pitching for Portland Sea Dogs : RHP Mike Chiasson
Batting: RHB Travis Pesola 0-0: Called Strike
0-1: Foul Ball, location: 9LMF
0-2: DOUBLE (Groundball, 3L, EV 108.1 MPH)
Batting: RHB Jonathan Wickersham 0-0: Ground out 6-3 (Groundball, 6, EV 108.8 MPH)
Batting: LHB Scott Guzik 0-0: Foul Ball, location: 7LDF
0-1: Ground out 4-3 (Groundball, 34, EV 104.4 MPH)
Travis Pesola to third
Batting: RHB Ryan Anderson 0-0: Swinging Strike
0-1: Foul Ball, location: 2F
0-2: Foul Ball, location: 9LSF
0-2: Strikes out swinging
Bottom of the 3rd over - 0 runs, 1 hit, 0 errors, 1 left on base; Portland 4 - Bowie 0
TOP OF THE 4TH
Portland Sea Dogs batting - Pitching for Bowie Baysox : RHP Jonathan Fullen
Batting: RHB Matt Palmer 0-0: Ball
1-0: Called Strike
1-1: Foul Ball, location: 25FF
1-2: Fly out, F7 (Flyball, 7D, EV 105.0 MPH)
Batting: RHB Victor Cisneros 0-0: Foul Ball, location: 3F
0-1: Called Strike
0-2: Ball
1-2: Ball
2-2: Foul Ball, location: 5FF
2-2: Hit by Pitch
Batting: RHB Nate Anglin 0-0: Ball
1-0: Foul Ball, location: 2F
1-1: Ball
2-1: Foul Ball, location: 2F
2-2: Foul Ball, location: 9LDF
2-2: Strikes out swinging
Batting: LHB Tony Vargas 0-0: Ball
1-0: Ball
2-0: Fly out, F8 (Flyball, 8LD, EV 111.3 MPH)
Top of the 4th over - 0 runs, 0 hits, 0 errors, 1 left on base; Portland 4 - Bowie 0
BOTTOM OF THE 4TH
Bowie Baysox batting - Pitching for Portland Sea Dogs : RHP Mike Chiasson
Batting: RHB Josh Apple 0-0: Ground out 5-3 (Groundball, 5, EV 103.8 MPH)
Batting: LHB Jesus Garcia 0-0: Swinging Strike
0-1: Foul Ball, location: 2F
0-2: Foul Ball, location: 2RF
0-2: Ball
1-2: Ball
2-2: Foul Ball, location: 5SF
2-2: SINGLE (Line Drive, 8LS, EV 98.1 MPH)
Batting: LHB Jayden Johnson 0-0: Called Strike
0-1: Reached on error, E3 (Groundball, 3L, EV 83.1 MPH)
Jesus Garcia to second
Batting: LHB Alex Gil 0-0: Ball
1-0: Called Strike
1-1: Ball
2-1: Grounds into double play, 6-4-3 (Groundball, 6, EV 88.1 MPH)
Bottom of the 4th over - 0 runs, 1 hit, 1 error, 1 left on base; Portland 4 - Bowie 0
TOP OF THE 5TH
Portland Sea Dogs batting - Pitching for Bowie Baysox : RHP Jonathan Fullen
Batting: LHB Dan McCartney 0-0: Called Strike
0-1: Ball
1-1: Swinging Strike
1-2: Foul Ball, location: 2F
1-2: Foul Ball, location: 7LDF
1-2: Strikes out swinging, 2-3 out at first.
Batting: RHB Steve Abrahamson 0-0: DOUBLE (Line Drive, 7LS, EV 102.5 MPH)
Batting: RHB Chris Barley 0-0: Called Strike
0-1: Ball
1-1: Ball
2-1: Ball
3-1: Called Strike
3-2: Foul Ball, location: 2F
3-2: Foul Ball, location: 25FF
3-2: Strikes out swinging
Batting: SHB Jeremy Brutscher 0-0: Ground out 5-3 (Groundball, 56, EV 91.3 MPH)
Top of the 5th over - 0 runs, 1 hit, 0 errors, 1 left on base; Portland 4 - Bowie 0
BOTTOM OF THE 5TH
Bowie Baysox batting - Pitching for Portland Sea Dogs : RHP Mike Chiasson
Batting: RHB Gene Wilcox 0-0: Swinging Strike
0-1: Ball
1-1: Swinging Strike
1-2: Ball
2-2: SINGLE (Line Drive, 4D, EV 100.0 MPH)
Batting: RHB Travis Pesola 0-0: Called Strike
0-1: Called Strike
0-2: Ball
1-2: Foul Ball, location: 3FF
1-2: Ball
2-2: Foul Ball, location: 5FF
2-2: Grounds into double play, 6-4-3 (Groundball, 6, EV 80.6 MPH)
Batting: RHB Jonathan Wickersham 0-0: Called Strike
0-1: Ball
1-1: Called Strike
1-2: Strikes out looking
Bottom of the 5th over - 0 runs, 1 hit, 0 errors, 0 left on base; Portland 4 - Bowie 0
TOP OF THE 6TH
Portland Sea Dogs batting - Pitching for Bowie Baysox : RHP Jonathan Fullen
Batting: RHB Eddie Pizana 0-0: Ball
1-0: Ground out 5-3 (Groundball, 56, EV 102.5 MPH)
Batting: RHB Matt Palmer 0-0: Called Strike
0-1: Ball
1-1: Foul Ball, location: 2F
1-2: DOUBLE (Flyball, 89D, EV 110.6 MPH)
Batting: RHB Victor Cisneros 0-0: Ball
1-0: Ball
2-0: Foul Ball, location: 9LDF
2-1: SINGLE (Flyball, 78S, EV 82.5 MPH)
Matt Palmer to third
Batting: RHB Nate Anglin 0-0: Foul Ball, location: 5FF
0-1: Fly out, F8 (Flyball, 8RM, EV 78.1 MPH)
Runner from 3rd tags up, SCORES, no throw by CF
Batting: LHB Tony Vargas 0-0: Ball
1-0: SINGLE (Groundball, 34D, EV 96.3 MPH)
Victor Cisneros to second
Runner from 2nd tries for 3rd, SAFE, throw by RF made to third
Batting: LHB Dan McCartney 0-0: Ball
1-0: Ground out 4-3 (Groundball, 34, EV 92.5 MPH)
Top of the 6th over - 1 run, 3 hits, 0 errors, 2 left on base; Portland 5 - Bowie 0
BOTTOM OF THE 6TH
Bowie Baysox batting - Pitching for Portland Sea Dogs : RHP Mike Chiasson
Batting: LHB Scott Guzik 0-0: Called Strike
0-1: Ball
1-1: Ball
2-1: Ground out 4-3 (Groundball, 4, EV 76.9 MPH)
Batting: RHB Ryan Anderson 0-0: Ball
1-0: Called Strike
1-1: Ball
2-1: Swinging Strike
2-2: Foul Ball, location: 23FF
2-2: Foul Ball, location: 9LMF
2-2: Ball
3-2: Ground out 6-3 (Groundball, 6, EV 78.8 MPH)
Batting: RHB Josh Apple 0-0: Ball
1-0: Called Strike
1-1: Ground out U3 (Groundball, 3, EV 106.3 MPH)
Bottom of the 6th over - 0 runs, 0 hits, 0 errors, 0 left on base; Portland 5 - Bowie 0
TOP OF THE 7TH
Portland Sea Dogs batting - Pitching for Bowie Baysox : RHP Jonathan Fullen
Batting: RHB Steve Abrahamson 0-0: Foul Ball, location: 3FF
0-1: Swinging Strike
0-2: Ball
1-2: Ground out 6-3 (Groundball, 6, EV 102.5 MPH)
Batting: RHB Chris Barley 0-0: Called Strike
0-1: SINGLE (Groundball, 4M, EV 91.3 MPH)
Batting: SHB Jeremy Brutscher 0-0: Called Strike
0-1: Ball
1-1: Ball
2-1: SINGLE (Line Drive, 3D, EV 99.4 MPH)
Chris Barley to second
Runner from 2nd tries for 3rd, SAFE, throw by RF made to third
Batting: RHB Eddie Pizana 0-0: Ball
1-0: Ball
2-0: Ball
3-0: Base on Balls
Jeremy Brutscher to second
Batting: RHB Matt Palmer 0-0: Ball
1-0: Foul Ball, location: 9LMF
1-1: Ball
2-1: DOUBLE (Line Drive, 8LD, EV 111.3 MPH)
Chris Barley scores
Jeremy Brutscher scores
Eddie Pizana to third
Runner from 3rd tries for Home, SAFE, no throw by CF
Batting: RHB Victor Cisneros 0-0: Called Strike
0-1: Ball
1-1: Ground out 6-3 (Groundball, 6D, EV 101.3 MPH)
Pitching: RHP Alex Trevino
Batting: RHB Nate Anglin 0-0: Ball
1-0: Ground out 1-3 (Groundball, 15, EV 73.1 MPH)
Top of the 7th over - 3 runs, 3 hits, 0 errors, 1 left on base; Portland 8 - Bowie 0
BOTTOM OF THE 7TH
Bowie Baysox batting - Pitching for Portland Sea Dogs : RHP Mike Chiasson
Batting: LHB Jesus Garcia 0-0: Called Strike
0-1: Ground out 6-3 (Groundball, 56D, EV 104.4 MPH)
Batting: LHB Jayden Johnson 0-0: Ground out 6-3 (Groundball, 4MS, EV 90.0 MPH)
Pinch Hitting: RHB Jason Brown 0-0: Foul Ball, location: 5DF
0-1: Ball
1-1: DOUBLE (Flyball, 8LXD, EV 98.8 MPH)
Batting: RHB Gene Wilcox 0-0: Swinging Strike
0-1: Ball
1-1: Swinging Strike
1-2: Ball
2-2: Ball
3-2: Foul Ball, location: 2F
3-2: Foul Ball, location: 7LDF
3-2: Strikes out swinging
Bottom of the 7th over - 0 runs, 1 hit, 0 errors, 1 left on base; Portland 8 - Bowie 0
TOP OF THE 8TH
Portland Sea Dogs batting - Pitching for Bowie Baysox : RHP Alex Trevino
Now at 1B: Jason Brown
Batting: LHB Tony Vargas 0-0: Ground out 6-3 (Groundball, 6, EV 86.3 MPH)
Batting: LHB Dan McCartney 0-0: Ball
1-0: SINGLE (Groundball, 13S, EV 76.9 MPH) (infield hit)
Batting: RHB Steve Abrahamson 0-0: Foul Ball, location: 2F
0-1: Ball
1-1: Fly out, F7 (Flyball, 7, EV 84.4 MPH)
Batting: RHB Chris Barley 0-0: Foul Ball, location: 9LMF
0-1: Ball
1-1: Ball
2-1: SINGLE (Groundball, 56D, EV 108.8 MPH)
Dan McCartney to second
Batting: SHB Jeremy Brutscher 0-0: Called Strike
0-1: Fly out, F7 (Flyball, 7S, EV 86.9 MPH)
Top of the 8th over - 0 runs, 2 hits, 0 errors, 2 left on base; Portland 8 - Bowie 0
BOTTOM OF THE 8TH
Bowie Baysox batting - Pitching for Portland Sea Dogs : RHP Mike Chiasson
Pitching: RHP Adam Ecker
Batting: RHB Travis Pesola 0-0: Called Strike
0-1: Ball
1-1: Ball
2-1: Ground out 6-3 (Groundball, 6, EV 101.9 MPH)
Batting: RHB Jonathan Wickersham 0-0: Ball
1-0: Foul Ball, location: 5F
1-1: Ball
2-1: Ball
3-1: Base on Balls
Batting: LHB Scott Guzik 0-0: Called Strike
0-1: Called Strike
0-2: DOUBLE (Flyball, 8LD, EV 106.3 MPH)
Jonathan Wickersham to third
Batting: RHB Ryan Anderson 0-0: Fly out, F9 (Flyball, 89S, EV 95.0 MPH)
Pinch Hitting: LHB Ossie Morales 0-0: Ball
1-0: Called Strike
1-1: Ball
2-1: Swinging Strike
2-2: Ball
3-2: Foul Ball, location: 2F
3-2: Foul Ball, location: 5SF
3-2: Ground out U3 (Groundball, 34S, EV 80.0 MPH)
Bottom of the 8th over - 0 runs, 1 hit, 0 errors, 2 left on base; Portland 8 - Bowie 0
TOP OF THE 9TH
Portland Sea Dogs batting - Pitching for Bowie Baysox : RHP Alex Trevino
Now at SS: Gene Wilcox
Now in LF: Jesus Garcia
Now in RF: Ossie Morales
Pinch Hitting: LHB Bobby McAlexander 0-0: Swinging Strike
0-1: Swinging Strike
0-2: Ball
1-2: Strikes out swinging
Batting: RHB Matt Palmer 0-0: Fly out, F8 (Flyball, 8RD, EV 106.3 MPH)
Pinch Hitting: LHB Ryan McFall 0-0: Ball
1-0: Ball
2-0: Swinging Strike
2-1: Foul Ball, location: 3FF
2-2: Foul Ball, location: 2F
2-2: Strikes out swinging
Top of the 9th over - 0 runs, 0 hits, 0 errors, 0 left on base; Portland 8 - Bowie 0
BOTTOM OF THE 9TH
Bowie Baysox batting - Pitching for Portland Sea Dogs : RHP Adam Ecker
Now at C: Ramiro Argueta
Now at 3B: Bobby McAlexander
Now in CF: Jeremy Brutscher
Batting: LHB Jesus Garcia 0-0: Called Strike
0-1: Foul Ball, location: 7LSF
0-2: Strikes out swinging
Batting: LHB Jayden Johnson 0-0: Ball
1-0: Ball
2-0: Ball
3-0: Base on Balls
Batting: RHB Jason Brown 0-0: Ball
1-0: Swinging Strike
1-1: Foul Ball, location: 9LSF
1-2: Ball
2-2: SINGLE (Groundball, 4MD, EV 100.6 MPH)
Jayden Johnson to second
Batting: RHB Gene Wilcox 0-0: Fly out, F8 (Line Drive, 89M, EV 92.5 MPH)
Batting: RHB Travis Pesola 0-0: SINGLE (Groundball, 6MS, EV 73.1 MPH) (infield hit)
Jayden Johnson to third
Jason Brown to second
Batting: RHB Jonathan Wickersham 0-0: Fly out, F9 (Flyball, 89M, EV 95.6 MPH)
Bottom of the 9th over - 0 runs, 2 hits, 0 errors, 3 left on base; Portland 8 - Bowie 0
Wednesday, May 15th , 2024 - OOTP Baseball 24.11 Build 85